 Seeded DCSS version 0.30-a0-377-g5cb311bc9f (webtiles) character file.

Game seed: 12882034922843276435 (custom seed)

248 purpskrrrp the Magician (level 5, -3/28 HPs)
             Began as a Deep Elf Earth Elementalist on Nov 28, 2022.
             Was an Initiate of Dithmenos.
             Slain by a wraith (11 damage)
             ... in an ossuary.
             The game lasted 00:08:23 (3733 turns).

purpskrrrp the Magician (DEEE)                      Turns: 3733, Time: 00:08:24

Health: -3/28      AC:  4    Str:  5    XL:     5   Next: 86%
Magic:  12/14      EV: 13    Int: 22    God:    Dithmenos [......]
Gold:   233        SH:  0    Dex: 15    Spells: 11/14 levels left

rFire   . . .      SeeInvis .    c - staff of earth
rCold   . . .      Faith    .    (no shield)
rNeg    . . .      Spirit   .    a - +0 robe
rPois   .          Reflect  .    e - +1 helmet
rElec   .          Harm     .    j - scarf {shadows}
rCorr   .          Rampage  .    (no gloves)
Will    .....                    (no boots)
Stlth   +++.......               (no amulet)
HPRegen 0.24/turn                i - ring of flight
MPRegen 0.14/turn                f - ring of wizardry

@: flying, slowed, very slow
A: no striking features
a: Renounce Religion


You were in an ossuary.
You worshipped Dithmenos.
Dithmenos was noncommittal.
You visited 1 branch of the dungeon, and saw 4 of its levels.
You also visited: Ossuary.

You collected 233 gold pieces.

Inventory:

Hand Weapons
 k - a +2 short sword of draining
Armour
 a - a +0 robe (worn)
 e - a +1 helmet (worn)
 j - a scarf of shadows (worn)
Magical Staves
 c - a staff of earth (weapon)
Jewellery
 f - a ring of wizardry (right hand)
 i - a ring of flight (left hand)
 o - a ring of poison resistance
Wands
 r - a wand of flame (4)
Scrolls
 g - a scroll of blinking
 h - a scroll of fear {unknown}
 l - a scroll of butterflies
 q - a scroll of poison {unknown}
 s - a scroll of brand weapon {unknown}
 u - a scroll of immolation {unknown}
Potions
 b - 2 potions of magic
 d - a potion of attraction
 m - 3 potions of heal wounds
 n - a potion of lignification {unknown}
 p - a potion of invisibility {unknown}
 t - 4 potions of brilliance


   Skills:
 + Level 3.6 Dodging
 + Level 4.0 Stealth
 * Level 5.3 Spellcasting
 + Level 2.7 Transmutations
 + Level 4.2 Earth Magic


You had 11 spell levels left.
You knew the following spells:

 Your Spells              Type           Power      Damage    Failure   Level
a - Sandblast             Erth           72%        2d16      1%          1
b - Passwall              Tmut/Erth      25%        N/A       1%          2

Your spell library contained the following spells:

 Spells                   Type           Power      Damage    Failure   Level
 Stone Arrow              Conj/Erth      44%        3d9       4%          3
 Blink                    Tloc           10%        N/A       6%          2
 Momentum Strike          Conj/Tloc      10%        3d8       6%          2
 Petrify                  Tmut/Erth      31%        N/A       10%         4
 Lesser Beckoning         Tloc           10%        N/A       12%         3


Dungeon Overview and Level Annotations

Branches:
Dungeon (4/15)            Ossuary (1/1)
 Temple: D:4-7

Altars:
Dithmenos


Message History

No target in view!
No target in view!
No target in view!
No target in view!
No target in view!
No target in view!
No target in view!
Magic restored.
You reach down and open the door.
A wraith is nearby!
You hit the wraith but do no damage. The wraith hits you but does no damage.
The wraith hits you.
You hit the wraith but do no damage. The wraith completely misses you.
You hit the wraith but do no damage. The wraith hits you!
You are too injured to fight recklessly!
You are too injured to fight recklessly!
You are too injured to fight recklessly!
You are too injured to fight recklessly!
You are too injured to fight recklessly!
You are too injured to fight recklessly!
Casting: Sandblast (safe; 1% risk of failure)
Confirm with . or Enter, or press ? or * to list all spells.
Aiming: Sandblast (safe; 1% risk of failure)
Press: ? - help, Shift-Dir - straight line, f - wraith
Aim: a wraith (84% to hit)
You feel a surge of power!
The blast of sand hits the wraith but does no damage.
The wraith hits you. The wraith drains your vigour!
You feel yourself slow down.
Casting: Sandblast (safe; 1% risk of failure)
Confirm with . or Enter, or press ? or * to list all spells.
Aiming: Sandblast (safe; 1% risk of failure)
Press: ? - help, Shift-Dir - straight line, f/p - wraith
Aim: a wraith (84% to hit)
You feel a surge of power!
The blast of sand hits the wraith but does no damage.
The wraith hits you.
* * * LOW HITPOINT WARNING * * *
The wraith hits you!
You die...

#############
.............
.............
#####'#####
##.........##
##...#####...##
##...##.W.##...##
#..@##W!!?.##...#
+...W.?!?.!.#...+
#...##.....##...#
##...##...##...##
##...#####...##
..##.........##
...#####'#####.
...............
...............


You could see a wraith.

Vanquished Creatures
  A scorpion (D:4)
  A jelly (D:4)
  A mummy (Ossuary)
  4 gnolls (D:2)
  4 adders
  A worm (D:3)
  A dart slug (D:4)
  An orc (D:3)
  4 ball pythons
  7 bats
  5 endoplasms
  A giant cockroach (D:2)
  4 goblins
  6 hobgoblins
  3 jackals (D:2)
  5 kobolds
  2 quokkas
  5 frilled lizards
  A gnoll skeleton (Ossuary)
  3 kobold skeletons (Ossuary)
  5 orc skeletons (Ossuary)
  6 rats
71 creatures vanquished.

Notes
Turn   | Place    | Note
-------+----------+-------------------------------------------
     0 | D:1      | purpskrrrp the Deep Elf Earth Elementalist began the quest
                  | for the Orb.
     0 | D:1      | Reached XP level 1. HP: 10/10 MP: 6/6
   272 | D:1      | Reached XP level 2. HP: 15/15 MP: 6/8
  1238 | D:1      | Learned a level 2 spell: Passwall
  1721 | D:2      | Reached XP level 3. HP: 18/19 MP: 8/10
  1760 | D:2      | Reached skill level 4 in Spellcasting
  1770 | D:2      | Reached XP level 4. HP: 15/24 MP: 8/12
  2329 | D:2      | Identified a scroll of acquirement
  2329 | D:2      | Acquired a staff of earth
  2452 | D:3      | Found a faded altar of an unknown god.
  2671 | D:3      | Found a shadowy altar of Dithmenos.
  3258 | D:3      | Became a worshipper of Dithmenos the Shadowed
  3317 | D:4      | Noticed a scorpion
  3327 | D:4      | Killed a scorpion
  3328 | D:4      | Reached skill level 5 in Spellcasting
  3328 | D:4      | Reached XP level 5. HP: 28/28 MP: 6/14
  3335 | D:4      | Acquired a ring of wizardry
  3605 | D:4      | Found a sand-covered staircase.
  3613 | Ossuary  | Entered an ossuary
  3613 | Ossuary  | Noticed a wraith
  3613 | Ossuary  | Noticed a wraith
  3693 | Ossuary  | Noticed a wraith
  3733 | Ossuary  | Slain by a wraith

Illustrated notes

Levels and vault maps discovered:
D:1:      eino_arrival_water_cross, layout_basic
D:2:      layout_basic, solitary_fountain
D:3:      layout_loops_ring, mainiacjoe_overflow_24_doors,
          basic_ecumenical_altar, minmay_misc_feat_rows,
          kennysheep_small_spiral, wander_ebering_terrifying_dragon_lair
D:4:      layout_loops_ring, led_sif_book, mainiacjoe_overflow_chevrons,
          nicolae_ossuary_entry_plus, serial_shops, nicolae_shop_waterfront,
          nicolae_hexahallways, uniq_menkaure
Ossuary:  ossuary_due_mausoleum

Skill      XL: |  1  2  3  4  5 |
---------------+----------------+-----
Stealth        | 3 4 |  4.0
Dodging        | 3 |  3.6
Spellcasting   | 4 5 |  5.3
Transmutations | 2 |  2.7
Earth Magic    | 4 |  4.2

Action                   |  1- 3 |  4- 6 || total
-------------------------+-------+-------++-------
Melee: Unarmed           |     4 |       ||     4
       Short sword       |    10 |     2 ||    12
       Staff             |       |    65 ||    65
       Punch             |       |     1 ||     1
 Cast: Sandblast         |    30 |    47 ||    77
  Use: Scroll            |     1 |    14 ||    15
Armor: Robe              |     5 |    50 ||    55
Dodge: Dodged            |     8 |    86 ||    94

Table legend: (Time is in decaauts)
 A = Elapsed time spent in this place.
 B = Non-inter-level travel time spent in this place.
 C = Inter-level travel time spent in this place.
 D = Time resting spent in this place.
 E = Time spent auto-exploring this place.
 F = Levels seen in this place.
 G = Mean time per level.
                   A        B        C        D        E       F      G
               +--------+--------+--------+--------+--------+-----+--------+
         Total |   3780 |   3448 |    332 |    432 |   2414 |   5 |  756.0 |
       Dungeon |   3648 |   3316 |    332 |    432 |   2356 |   4 |  912.0 |
       Ossuary |    131 |    131 |      0 |      0 |     58 |   1 |  131.0 |
               +--------+--------+--------+--------+--------+-----+--------+

Top non-repeatable levels by time:
     D:1: 1589 daAuts
     D:3: 1054 daAuts
     D:2: 787 daAuts
     D:4: 218 daAuts
 Ossuary: 131 daAuts
